 Dungeon Crawl Stone Soup version 0.14-a0-1029-g9530a8b (webtiles) character file.

97633 PolkaDot the Aerator (level 15, -3/90 HPs)
             Began as a Vampire Conjurer on Nov 23, 2013.
             Was the Champion of Vehumet.
             Slain by an anaconda (8 damage)
             ... on Level 5 of the Snake Pit.
             The game lasted 05:41:29 (37002 turns).

PolkaDot the Aerator (Vampire Conjurer)            Turns: 37002, Time: 05:41:30

HP  -3/90        AC 15     Str  7      XL: 15   Next: 66%
MP  11/33        EV 12     Int 25      God: Vehumet [******]
Gold 2027        SH  0     Dex 13      Spells: 10 memorised,  0 levels left

Res.Fire  : + . .   See Invis. : +   y - staff of conjuration
Res.Cold  : . . .   Warding    : .   x - +1 steam dragon armour
Life Prot.: . . .   Conserve   : +   (no shield)
Res.Poison: +       Res.Corr.  : +   i - +1 wizard hat {Int+3}
Res.Elec. : .       Clarity    : .   J - +0 cloak {rCorr, Cons}
Sust.Abil.: . .     Spirit.Shd : .   a - +2 pair of gauntlets
Res.Mut.  : .       Stasis     : .   (no boots)
Res.Rott. : .       Flight     : .   o - amulet of conservation
Saprovore : . . .                    A - ring of protection from fire
                                     f - ring of poison resistance

@: regenerating quickly, constricted, quite resistant to hostile enchantments,
stealthy
A: bottle blood, fangs 3, rough black scales 1, see invisible, blink 1,
unbreathing
a: Bottle Blood, Blink, Renounce Religion


You were on level 5 of the Snake Pit.
You worshipped Vehumet.
Vehumet was exalted by your worship.
You were very full.

You visited 5 branches of the dungeon, and saw 30 of its levels.
You also visited: Ossuary and Bailey.

You collected 2117 gold pieces.
You spent 90 gold pieces at shops.

Inventory:

Armour
 a - a +2 pair of gauntlets (worn)
 i - a +1 wizard hat of intelligence (worn)
 x - a +1 steam dragon armour (worn)
 J - a +0 cloak of preservation (worn)
Magical devices
 n - a wand of digging (13)
 t - a wand of teleportation (8)
Scrolls
 d - a scroll of magic mapping
 g - 6 scrolls of teleportation
 h - a scroll of fear
 j - 3 scrolls of fog
 l - a scroll of recharging
 m - 2 scrolls of blinking
 p - a scroll of identify
 v - a scroll of remove curse
 w - 2 scrolls of amnesia
 C - a scroll of enchant weapon II
Jewellery
 b - an uncursed ring of invisibility
 e - an uncursed ring of protection from cold
 f - a ring of poison resistance (left hand)
 o - an amulet of conservation (around neck)
 A - a ring of protection from fire (right hand)
 B - a +3 ring of dexterity
Potions
 q - 5 potions of curing
 r - a potion of resistance
 s - 5 potions of restore abilities
 u - 3 potions of speed
Books
 c - a book of Conjurations

   Spells                             Type                      Level
   *Magic Dart                        Conjuration                  1
   *Searing Ray                       Conjuration                  2
   Dazzling Spray                     Conjuration/Hexes            3
   *Iskenderun's Mystic Blast         Conjuration                  4
   *Iskenderun's Battlesphere         Conjuration/Charms           4
   Fulminant Prism                    Conjuration/Hexes            5
 k - a book of Annihilations {highlevel}

   Spells                             Type                      Level
   Poison Arrow                       Conjuration/Poison           6
   Chain Lightning                    Conjuration/Air              8
   Lehudib's Crystal Spear            Conjuration/Earth            8
   Ice Storm                          Conjuration/Ice              9
   Fire Storm                         Conjuration/Fire             9
 E - the Guide on Entrancing Translocation
   (You found it on level 7 of the Dungeon)

   Spells                             Type                      Level
   Inner Flame                        Hexes/Fire                   3
   Confuse                            Hexes                        3
   Teleport Other                     Translocation                3
   Control Teleport                   Charms/Translocation         4
   Passage of Golubria                Translocation                4
 G - a book of the Tempests

   Spells                             Type                      Level
   Static Discharge                   Conjuration/Air              3
   Lightning Bolt                     Conjuration/Air              5
   Fireball                           Conjuration/Fire             5
   Tornado                            Air                          9
   Shatter                            Earth                        9
 L - a book of Flames

   Spells                             Type                      Level
   Flame Tongue                       Conjuration/Fire             1
   *Throw Flame                       Conjuration/Fire             2
   Conjure Flame                      Conjuration/Fire             3
   Inner Flame                        Hexes/Fire                   3
   Sticky Flame                       Conjuration/Fire             4
   Fireball                           Conjuration/Fire             5
Magical staves
 y - an uncursed staff of conjuration (weapon)


   Skills:
 - Level 2.1 Dodging
 - Level 3.0 Stealth
 - Level 10.9 Spellcasting
 - Level 10.8 Conjurations
 - Level 10.1 Charms
 + Level 12.5 Ice Magic
 * Level 15.1 Air Magic
 - Level 3.6 Evocations


You couldn't memorise any spells.
You knew the following spells:

 Your Spells              Type           Power        Failure   Level  Hunger
a - Bolt of Cold          Conj/Ice       #######...   2%          6    #####..
b - Throw Frost           Conj/Ice       ######       1%          2    None
c - Freezing Cloud        Conj/Ice/Air   #######...   1%          6    #####..
d - Iskenderun's Mystic   Conj           #######.     1%          4    None
f - Airstrike             Air            ######....   1%          4    None
s - Searing Ray           Conj           ######       1%          2    None
x - Iskenderun's Battles  Conj/Chrm      #######.     1%          4    None
z - Magic Dart            Conj           ####         1%          1    None
A - Throw Flame           Conj/Fire      ######       1%          2    None
Z - Throw Icicle          Conj/Ice       #######.     1%          4    None


Dungeon Overview and Level Annotations

Branches:
Dungeon (12/16)            Temple (1/1) D:5             Orc (4/4) D:10
    Elf (0/3) Orc:4          Lair (8/8) D:11         Shoals (0/5) Lair:3
  Snake (5/5) Lair:6        Slime (0/6) Lair:6

Altars:
Ashenzari
Cheibriados
Elyvilon
Fedhas
Kikubaaqudgha
Makhleb
Nemelex Xobeh
Okawaru
Sif Muna
Trog
Vehumet
Xom
Yredelemnul
Zin
the Shining One
Beogh

Shops:
D:7 %*   Orc:1 %   Orc:2 }   Orc:4 ([[%

Annotations:
Snake:2 Wiglaf
Snake:4 Mara


Innate Abilities, Weirdness & Mutations

Your natural rate of healing is unusually fast.
You can bottle blood from corpses.
You have razor-sharp teeth.*
You have supernaturally acute eyesight.
You can survive without breathing.*
You are partially covered in rough black scales (AC +4, Dex -1).*
You can translocate small distances at will.+


Message History

The anaconda bites you but does no damage.
* * * LOW HITPOINT WARNING * * *
The anaconda constricts you.
The black mamba bites you but does no damage.
The anaconda closely misses you.
* * * LOW HITPOINT WARNING * * *
The anaconda constricts you.
Casting: Iskenderun's Mystic Blast
Confirm with . or Enter, or press ? or * to list all spells.
Aiming: Iskenderun's Mystic Blast
Press: ? - help, Shift-Dir - straight line, f/p - anaconda
Aim: an anaconda (severely wounded, constricting you)
You feel a surge of power!
The orb of energy misses the anaconda.
The black mamba bites you but does no damage.
The anaconda bites you but does no damage.
* * * LOW HITPOINT WARNING * * *
The anaconda constricts you. The black mamba bites you!
* * * LOW HITPOINT WARNING * * *
The anaconda bites you!
You die...

..#.....#....#
...#.....#....#
#..#.....#....#
#%.#######.#### #..#
#.# ######..# #.#
....<...#######.##
........S#........###
.......S@...........#
.......###........###
...................#
......##############
.(. .


You could see an anaconda and a black mamba.

Vanquished Creatures
  Saint Roka (Orc:4)
  Frances (Snake:2)
  Kirke (Snake:1)
  A greater naga (Snake:5)
  A fire dragon (Lair:8)
  10 hydras
  Harold (Lair:3)
  Nessos (D:11)
  4 anacondas
  Erica (D:10)
  Urug (Orc:2)
  7 naga warriors
  A catoblepas (Lair:6)
  An ice statue (Lair:5)
  A giant amoeba (Lair:6)
  Pikel (D:7)
  2 hill giants (D:11)
  2 lindwurms
  An orc sorcerer (Orc:4)
  2 orc knights
  A griffon (Lair:4)
  5 elephants (Lair:5)
  Maurice (Orc:4)
  20 black mambas
  4 guardian serpents
  13 spiny frogs
  Psyche (D:11)
  A queen ant (Lair:4)
  A mermaid (Lair:3)
  7 fire drakes
  8 komodo dragons
  10 naga magi
  2 trolls
  8 polar bears
  A two-headed ogre (D:9)
  28 blink frogs
  2 boulder beetles (Lair:8)
  7 basilisks
  11 grizzly bears (Lair:8)
  A wyvern (Lair:8)
  An ugly thing (Snake:1)
  36 yaks
  3 brown oozes (Lair:6)
  A hungry ghost (D:5)
  A hill giant zombie (D:8)
  8 hippogriffs
  Grum (D:9)
  3 hogs (Snake:1)
  2 steam dragons (Lair:8)
  A deep elf fighter (D:9)
  A mottled dragon (Lair:8)
  6 porcupines
  16 wolves
  2 swamp drakes (Lair:8)
  21 soldier ants
  6 black bears
  2 slaves (D:6)
  6 ice beasts
  2 manticores
  2 sky beasts
  58 nagas
  5 ogres
  31 orc warriors
  3 phantoms
  3 centaurs
  5 wargs
  3 boring beetles
  Duvessa (D:7)
  11 crocodiles
  A komodo dragon zombie (D:9)
  4 agate snails
  5 giant slugs
  13 giant frogs
  27 water moccasins
  A wyvern zombie (D:8)
  A troll zombie (D:7)
  7 wights
  2 jellies
  Dowan (D:7)
  4 crimson imps
  A goliath beetle (D:6)
  11 iguanas
  31 orc priests
  2 scorpions
  A gnoll shaman (Orc:4)
  10 hounds
  43 orc wizards
  A centaur skeleton (D:11)
  10 sheep
  21 worker ants
  A killer bee zombie (D:10)
  Jessica (D:2)
  2 big kobold zombies (Ossuary)
  3 mummies
  16 gnolls
  A worker ant zombie (D:9)
  29 adders
  7 giant centipedes
  60 green rats
  A worm zombie (D:8)
  6 white imps (Lair:5)
  5 giant mites
  7 worms
  6 adder zombies
  An iguana zombie (D:8)
  4 giant geckos
  2 oozes
  198 orcs
  2 ball pythons
  13 bats
  4 giant cockroaches
  33 goblins
  21 hobgoblins
  23 jackals
  20 kobolds
  16 quokkas
  A giant gecko skeleton (D:4)
  9 giant newts
  A giant spore (D:8)
  2 gnoll zombies (Ossuary)
  7 hobgoblin zombies (Ossuary)
  6 kobold zombies
  2 orc skeletons
  4 orc zombies (Ossuary)
  27 rats
  A ballistomycete (D:8)
  2 fungi
  2 plants
1157 creatures vanquished.

Vanquished Creatures (collateral kills)
  An agate snail (Lair:7)
1 creature vanquished.

Vanquished Creatures (others)
  A giant frog (D:9)
  An iguana (D:7)
  26 fungi
  9 plants
37 creatures vanquished.

Grand Total: 1195 creatures vanquished

Notes
Turn   | Place    | Note
--------------------------------------------------------------
     0 | D:1      | PolkaDot, the Vampire Conjurer, began the quest for the Orb.
     0 | D:1      | Reached XP level 1. HP: 13/13 MP: 4/4
   263 | D:1      | Reached XP level 2. HP: 11/19 MP: 1/5
   835 | D:2      | Found a blossoming altar of Fedhas.
   983 | D:2      | Learned a level 2 spell: Searing Ray
  1115 | D:2      | Reached XP level 3. HP: 16/24 MP: 3/6
  1126 | D:2      | Found a sparkling altar of Nemelex Xobeh.
  1414 | D:2      | Noticed Jessica
  1416 | D:2      | Killed Jessica
  1416 | D:2      | Reached skill level 4 in Conjurations
  1444 | D:2      | Reached XP level 4. HP: 30/30 MP: 5/8
  1988 | D:3      | Found a glowing silver altar of Zin.
  1988 | D:3      | Found a basalt altar of Yredelemnul.
  2050 | D:3      | Reached XP level 5. HP: 9/35 MP: 2/9
  2467 | D:3      | Reached skill level 5 in Conjurations
  3178 | D:4      | Found a white marble altar of Elyvilon.
  3298 | D:4      | Reached XP level 6. HP: 35/41 MP: 10/10
  3443 | D:4      | Noticed a phantom
  3536 | D:4      | Killed a phantom
  3536 | D:4      | Reached skill level 6 in Conjurations
  3645 | D:4      | Learned a level 4 spell: Iskenderun's Battlesphere
  3808 | D:5      | Entered Level 5 of the Dungeon
  3835 | D:5      | Found a bloodstained altar of Trog.
  3836 | D:5      | Noticed a moth of wrath
  3849 | D:5      | Noticed a hungry ghost
  3851 | D:5      | Gained mutation: You can translocate small distances at will. [potion of mutation]
  3851 | D:5      | Gained mutation: You are weak. (Str -2) [potion of mutation]
  3851 | D:5      | Gained mutation: You are agile. (Dex +2) [potion of mutation]
  3880 | D:5      | Reached skill level 1 in Charms
  3884 | D:5      | Killed a hungry ghost
  3884 | D:5      | Reached XP level 7. HP: 46/46 MP: 1/11
  4259 | D:5      | Found a staircase to the Ecumenical Temple.
  4390 | D:5      | Found a sand-covered staircase.
  4395 | Ossuary  | Entered an ossuary
  5209 | D:5      | Reached skill level 5 in Charms
  5254 | Temple   | Entered the Ecumenical Temple
  5386 | D:5      | Reached XP level 8. HP: 52/52 MP: 6/15
  5639 | D:6      | Found a burning altar of Makhleb.
  5640 | D:6      | Found a radiant altar of Vehumet.
  5679 | D:6      | Became a worshipper of Vehumet
  6229 | D:6      | Learned a level 4 spell: Iskenderun's Mystic Blast
  6411 | D:6      | Reached skill level 7 in Charms
  6736 | D:7      | Noticed Pikel
  6977 | D:7      | Identified the Guide on Entrancing Translocation
  6983 | D:7      | Noticed Duvessa
  6983 | D:7      | Noticed Dowan
  7023 | D:7      | Killed Duvessa
  7027 | D:7      | Killed Dowan
  7291 | D:7      | Found Chatwen's General Store.
  7301 | D:7      | Bought a +0 cloak of preservation for 66 gold pieces
  7301 | D:7      | Bought a potion of curing for 24 gold pieces
  7320 | D:7      | Acquired Vehumet's first power
  7320 | D:7      | Offered knowledge of Sandblast by Vehumet.
  7470 | D:7      | Killed Pikel
  7470 | D:7      | Reached XP level 9. HP: 52/57 MP: 1/20
  7797 | D:7      | Found Omaloa's Food Emporium.
  7982 | D:8      | Reached skill level 8 in Charms
  8031 | D:8      | Learned a level 2 spell: Throw Flame
  8250 | D:8      | Offered knowledge of Freeze by Vehumet.
  8267 | D:8      | Learned a level 1 spell: Freeze
  8291 | D:8      | Reached skill level 5 in Spellcasting
  8515 | D:8      | Reached skill level 1 in Ice Magic
  8858 | D:10     | Entered Level 10 of the Dungeon
  9163 | D:10     | Found a staircase to the Orcish Mines.
  9243 | D:10     | Noticed Erica
  9249 | D:10     | Killed Erica
  9249 | D:10     | Reached XP level 10. HP: 51/63 MP: 5/22
  9529 | D:10     | Reached skill level 9 in Charms
  9995 | D:9      | Offered knowledge of Throw Frost by Vehumet.
 10205 | D:9      | Identified a +1 rod of inaccuracy (10/10) (You found it on level 9 of the Dungeon)
 10288 | D:9      | Learned a level 2 spell: Throw Frost
 10315 | D:9      | Acquired Vehumet's second power
 10439 | D:9      | Noticed Grum
 10531 | D:9      | Killed Grum
 10911 | D:11     | Noticed a hill giant
 10993 | D:11     | Killed a hill giant
 11059 | D:11     | Reached XP level 11. HP: 45/68 MP: 16/23
 11069 | D:11     | Offered knowledge of Airstrike by Vehumet.
 11075 | D:11     | Learned a level 4 spell: Airstrike
 11133 | D:11     | Reached skill level 10 in Charms
 11310 | D:11     | Reached skill level 5 in Ice Magic
 11329 | D:11     | Reached skill level 10 in Conjurations
 11336 | D:11     | Found a staircase to the Lair.
 11446 | D:11     | Noticed Psyche
 11452 | D:11     | Killed Psyche
 11452 | D:11     | Reached skill level 1 in Air Magic
 11505 | D:11     | Gained mutation: You have a pair of small horns on your head. [potion of mutation]
 11505 | D:11     | Gained mutation: You are partially covered in rough black scales (AC +4, Dex -1). [potion of mutation]
 11629 | D:11     | Noticed a hill giant
 11634 | D:11     | Noticed Nessos
 11693 | D:11     | Killed a hill giant
 11693 | D:11     | Reached skill level 1 in Evocations
 11729 | D:11     | Killed Nessos
 11982 | D:11     | Acquired Vehumet's third power
 12113 | Lair:1   | Entered Level 1 of the Lair of Beasts
 12120 | Lair:1   | Got a faintly glowing whip
 12121 | Lair:1   | Identified the +2,+6 whip "Conservator" {slash, rC++} (You found it on level 1 of the Lair of Beasts)
 12121 | Lair:1   | Identified the +2,+6 whip "Conservator" {slash, rC++} (You found it on level 1 of the Lair of Beasts)
 12257 | Lair:1   | Offered knowledge of Static Discharge by Vehumet.
 12606 | Lair:1   | Noticed a five-headed hydra
 12629 | Lair:1   | Killed a five-headed hydra
 12629 | Lair:1   | Reached skill level 5 in Air Magic
 13088 | Lair:1   | Got a brightly glowing flail
 13089 | Lair:1   | Identified the +10,+0 flail "Gograg" {crush, rPois rF+ MR++} (You found it on level 1 of the Lair of Beasts)
 13089 | Lair:1   | Identified the +10,+0 flail "Gograg" {crush, rPois rF+ MR++} (You found it on level 1 of the Lair of Beasts)
 13670 | Lair:2   | Gained mutation: Your spells are a little harder to cast, but a little more powerful. [potion of beneficial mutation]
 13777 | Lair:2   | Found a basalt altar of Yredelemnul.
 14104 | Lair:2   | Reached XP level 12. HP: 74/74 MP: 6/24
 14614 | Lair:2   | Offered knowledge of Venom Bolt by Vehumet.
 14913 | Lair:3   | Noticed a five-headed hydra
 14918 | Lair:3   | Killed a five-headed hydra
 14922 | Lair:3   | Noticed a six-headed hydra
 14923 | Lair:3   | Noticed an eight-headed hydra
 15076 | Lair:3   | Killed an eight-headed hydra
 15277 | Lair:3   | Found a staircase to the Shoals.
 15470 | Lair:3   | Killed a six-headed hydra
 15701 | Lair:3   | Noticed Harold
 15708 | Lair:3   | Killed Harold
 16013 | Lair:4   | Noticed a four-headed hydra
 16017 | Lair:4   | Killed a four-headed hydra
 16017 | Lair:4   | Reached skill level 10 in Air Magic
 16247 | Lair:4   | Noticed a seven-headed hydra
 16251 | Lair:4   | Killed a seven-headed hydra
 17070 | Lair:4   | Offered knowledge of Throw Icicle by Vehumet.
 17618 | Lair:4   | Reached skill level 11 in Air Magic
 17767 | Lair:4   | Reached XP level 13. HP: 79/79 MP: 16/26
 17774 | Lair:4   | Learned a level 4 spell: Throw Icicle
 19262 | Lair:5   | Tedronai: why did you not use battlesphere?
 19266 | Lair:5   | PolkaDot: Because cockiness
 19266 | Lair:5   | PolkaDot: I get reckless
 19266 | Lair:5   | Tedronai: it is really good in those situations
 19266 | Lair:5   | PolkaDot: Yp
 19266 | Lair:5   | Tedronai: just get battlesphere out and spam magic dart
 19266 | Lair:5   | PolkaDot: But I was in no danger and it serves as a minor reminder that I can't instakill everything
 19266 | Lair:5   | Tedronai: thus you conserve mana and still deal lots of damage
 19266 | Lair:5   | PolkaDot: Yep
 19266 | Lair:5   | PolkaDot: And I did earlier
 19266 | Lair:5   | PolkaDot: When there were hordes of soldier ants
 19266 | Lair:5   | Tedronai: hehe, you only have that much casts of the ray :D
 19266 | Lair:5   | PolkaDot: I'm aare of these things ;)
 19266 | Lair:5   | Tedronai: good :)
 19266 | Lair:5   | PolkaDot: but thanks for the advice anyways :)
 19422 | Lair:5   | Tedronai: you can probably take out the statue...
 19442 | Lair:5   | PolkaDot: probably
 19442 | Lair:5   | PolkaDot: but it can wait
 19446 | Lair:5   | Tedronai: not that good loot..
 19447 | Lair:5   | PolkaDot: yup
 19472 | Lair:5   | Tedronai: sphere and blast all the way if you go for the statue
 19500 | Lair:5   | PolkaDot: Naturally
 19500 | Lair:5   | PolkaDot: I learnt a while ago to just nuke 'em to death :D
 19527 | Lair:5   | Tedronai: it's not always the right way to do
 19530 | Lair:5   | PolkaDot: no?
 19530 | Lair:5   | Tedronai: you have to be sure that you got enough reserves to do that
 19530 | Lair:5   | Tedronai: or a route to escape
 19530 | Lair:5   | PolkaDot: that goes for most things worth the thought, though, ne?
 19530 | Lair:5   | Tedronai: which you have in this case because the statue can't chase you
 19530 | Lair:5   | PolkaDot: :D
 19547 | Lair:5   | Tedronai: well i usually take a step back instead of charging in :D
 19549 | Lair:5   | PolkaDot: hm?
 19650 | Lair:5   | Tedronai: regarding your just nuke 'em comment
 19651 | Lair:5   | PolkaDot: oh, right lol
 19651 | Lair:5   | Tedronai: as being the correct way most of the time
 19751 | Lair:5   | Tedronai: no staffs at this stage?
 19791 | Lair:5   | PolkaDot: nope
 19886 | Lair:5   | Tedronai: hmm kind of unusual
 19908 | Lair:5   | PolkaDot: But not unheard of ;p
 19988 | Lair:5   | Tedronai: yeah in my last run i never found a decent pair of boots..
 19988 | Lair:5   | PolkaDot: Aww :(
 20029 | Lair:5   | Tedronai: but hey, i found both a naga and a centaur barding :D
 20115 | Lair:5   | Tedronai: sometimes i think rng just wants to have a good laugh
 20115 | Lair:5   | PolkaDot: sometimes? ;p
 20115 | Lair:5   | Tedronai: it's pretty fair most of the time
 20115 | Lair:5   | PolkaDot: no flight... guess it can wait ^^;
 20157 | Lair:5   | Tedronai: well things like this happen
 20157 | Lair:5   | Tedronai:
   774 | D:2      | Noticed a centaur warrior
 20159 | Lair:5   | Tedronai: but still :D
 20161 | Lair:5   | PolkaDot: meep xD
 20172 | Lair:5   | Tedronai: stairs
 20172 | Lair:5   | PolkaDot: yup
 20361 | Lair:5   | Tedronai: sphere
 20369 | Lair:4   | Tedronai: up
 20455 | Lair:4   | Tedronai: damn mana runs out quick :D
 20456 | Lair:4   | PolkaDot: easily managed though :)
 20472 | Lair:5   | Tedronai: ray?
 20473 | Lair:5   | Tedronai: was a good spot..
 20473 | Lair:5   | PolkaDot: probably should have then
 20476 | Lair:5   | Tedronai: healing? :D
 20497 | Lair:4   | PolkaDot: yeah, that was careless ^^;
 20534 | Lair:4   | Tedronai: corner
 20814 | Lair:4   | Offered knowledge of Poisonous Cloud by Vehumet.
 20911 | Lair:4   | Tedronai: why vehumet btw?
 20911 | Lair:4   | Tedronai: i would have though vampire -> bloodless -> channel with sif
 20911 | Lair:4   | PolkaDot: I do like me some sif
 20911 | Lair:4   | PolkaDot: But veh gives more relevant stuff quicker (channeling aside)
 20911 | Lair:4   | PolkaDot: And the spells are easier to get
 20911 | Lair:4   | Tedronai: well that's true
 20911 | Lair:4   | PolkaDot: And big bad nukes freakishly early
 20911 | Lair:4   | Tedronai: well bloodless firestorm is also attractive :D
 20911 | Lair:4   | PolkaDot: And, seriously, having more than one element with his boost is nifty
 20911 | Lair:4   | PolkaDot: firestorm... is doable, I think
 20911 | Lair:4   | PolkaDot: but You start off against the apts as it is :p
 20911 | Lair:4   | Tedronai: ah right you are IE
 20911 | Lair:4   | PolkaDot: I'll probably aim for it eventually
 20911 | Lair:4   | PolkaDot: mix of ice and air
 20911 | Lair:4   | Tedronai: tornado :)
 20911 | Lair:4   | PolkaDot: Is the plan ;)
 20911 | Lair:4   | PolkaDot: Hoping I'll get Ice storm, Tornado and whatever the neutral conj one is
 20911 | Lair:4   | Tedronai: OOD :D
 20911 | Lair:4   | PolkaDot: That'd do just fiiiine
 21118 | Lair:6   | Reached skill level 12 in Air Magic
 21220 | Lair:6   | Reached skill level 10 in Ice Magic
 21501 | Lair:6   | Found a staircase to the Slime Pits.
 21539 | Lair:6   | Tedronai: slime rune! :)
 21539 | Lair:6   | PolkaDot: I've only ever stepped into slime once... it was not good
 21539 | Lair:6   | PolkaDot: but then, I was a VpEn of Ash then
 21539 | Lair:6   | PolkaDot: so perhaps not the best build at the time xD;
 21549 | Lair:6   | Tedronai: when you have a few runes already you can think about going in
 21660 | Lair:6   | Tedronai: otherwise you'll get destroyed
 21675 | Lair:6   | Tedronai: stairs
 21675 | Lair:6   | Tedronai: left and stairs
 21675 | Lair:6   | PolkaDot: Yeah
 21675 | Lair:6   | PolkaDot: I know
 21675 | Lair:6   | PolkaDot: they can hurt
 21675 | Lair:6   | PolkaDot: A lot >.>
 21981 | Lair:6   | Tedronai: i would have gone for dart + sphere here
 21982 | Lair:6   | Tedronai: to be ready if something bigger comes
 21982 | Lair:6   | PolkaDot: Hm
 21982 | Lair:6   | PolkaDot: Efficiency should be considered more when there's something that dangerous around a corner
 21987 | Lair:6   | Tedronai: :D
 22133 | Lair:6   | Tedronai: sphere and blast?
 22133 | Lair:6   | Tedronai: don't stand in his dust
 22133 | Lair:6   | PolkaDot: Twas my though
 22133 | Lair:6   | PolkaDot: I know
 22133 | Lair:6   | PolkaDot: did that ONCE the first time I met it
 22133 | Lair:6   | Tedronai: everyone did :D
 22133 | Lair:6   | PolkaDot: Hydra likes the taste of stone, apparently
 22143 | Lair:6   | Tedronai: nice :)
 22148 | Lair:6   | PolkaDot: powerhouse powah!
 22196 | Lair:6   | Tedronai: you probably feel pumped enough for slime now!
 22196 | Lair:6   | PolkaDot: Nope :p
 22196 | Lair:6   | Tedronai: :D
 22494 | Lair:6   | Found a staircase to the Snake Pit.
 22502 | Lair:6   | PolkaDot: Yay snake!
 22502 | Lair:6   | PolkaDot: Easy peasy (with care, of course)
 22620 | Lair:6   | Found an ancient bone altar of Kikubaaqudgha.
 22706 | Lair:6   | Tedronai: let's cuddle with lamia :)
 22721 | Lair:6   | PolkaDot: Only fought her once, too
 22721 | Lair:6   | PolkaDot: Diiiied
 22721 | Lair:6   | Tedronai: mesmerize is bad :D
 22721 | Lair:6   | PolkaDot: but again, VpEn... Albeit as Kiku
 22721 | Lair:6   | Tedronai: you can see the orb of destruction coming and do nothing :D
 22721 | Lair:6   | PolkaDot: Pain did a good number on her ^^;
 22721 | Lair:6   | PolkaDot: I learnt form that and ninja'd the next i got there :D
 22753 | Lair:7   | Tedronai: not the best place to fight
 22754 | Lair:7   | PolkaDot: good point..
 22755 | Lair:7   | PolkaDot: I dislike these frogs
 22755 | Lair:7   | PolkaDot: ^^;
 22854 | Lair:7   | Tedronai: out
 22855 | Lair:7   | PolkaDot: I figured
 22855 | Lair:7   | PolkaDot: just thought I'd see if I could do any damage at all
 22856 | Lair:7   | Tedronai: should have used dart
 22856 | Lair:7   | Tedronai: sphere does enough damage on its own
 22856 | Lair:7   | PolkaDot: ^^;
 22872 | Lair:7   | Tedronai: what are you doing ? :D
 22873 | Lair:7   | Tedronai: need the extra challenge ? :D
 22873 | Lair:7   | PolkaDot: fleeing without using consumables, atm
 22873 | Lair:7   | PolkaDot: xD
 22880 | Lair:7   | Tedronai: go for the stairs
 22880 | Lair:7   | PolkaDot: That is the eventual plan >.>
 22902 | Lair:6   | Tedronai: perfect :)
 23169 | Lair:7   | Offered knowledge of Force Lance by Vehumet.
 23170 | Lair:7   | Tedronai: this is quite new...
 23170 | Lair:7   | PolkaDot: opinion?
 23170 | Lair:7   | Tedronai: tried it once, it pushes back
 23170 | Lair:7   | Tedronai: but never used it much
 23171 | Lair:7   | Tedronai: get better damage on other spells
 23171 | Lair:7   | Tedronai: and just as level 5 escape...
 23171 | Lair:7   | PolkaDot: I'll keep waiting for the last three then :)
 23171 | Lair:7   | Tedronai: fan of gales is better for that
 23178 | Lair:7   | Got a distressingly furry robe
 23179 | Lair:7   | Identified the cursed -2 robe of the Loofah {rF+ Dam+5 Stlth++} (You found it on level 7 of the Lair of Beasts)
 23215 | Lair:7   | Tedronai: frog first
 23225 | Lair:6   | PolkaDot: not a good hydra time >.>
 23225 | Lair:6   | Tedronai: :D
 23322 | Lair:6   | Tedronai: tame it with that whip !
 23346 | Lair:6   | PolkaDot: Lawl nope :p
 23346 | Lair:6   | PolkaDot: I'd rather redecorate the Lair walls with it's guts :p
 23348 | Lair:7   | Tedronai: :D
 23359 | Lair:7   | Tedronai: too bad you don't have OOD for that
 23360 | Lair:7   | PolkaDot: Veh's my buddy, he'll deliver in due course ;)
 23405 | Lair:7   | Tedronai: i'll leave you now, may your ascent be glorious :)
 23413 | Lair:7   | PolkaDot: Cool
 23413 | Lair:7   | PolkaDot: thanks for the tips
 23413 | Lair:7   | PolkaDot: enjoy o/
 23420 | Lair:7   | Tedronai: you're welcome
 23421 | Lair:7   | PolkaDot: ...
 23536 | Lair:7   | Found a blossoming altar of Fedhas.
 24200 | Lair:8   | Entered Level 8 of the Lair of Beasts
 24709 | Lair:8   | Reached XP level 14. HP: 82/85 MP: 21/29
 25856 | Lair:8   | Reached skill level 13 in Air Magic
 28213 | Orc:1    | Entered Level 1 of the Orcish Mines
 28592 | Orc:2    | Found Ashiul's Gadget Emporium.
 28598 | Orc:1    | Found Chehenk's Food Emporium.
 28640 | Orc:1    | Found a flagged portal.
 28662 | Bailey   | Entered a bailey
 29452 | Orc:2    | Noticed Urug
 29460 | Orc:2    | Killed Urug
 29537 | Orc:2    | Found a roughly hewn altar of Beogh.
 29558 | Orc:2    | Offered knowledge of Conjure Ball Lightning by Vehumet.
 30056 | Orc:4    | Entered Level 4 of the Orcish Mines
 30416 | Orc:4    | Noticed Maurice
 30419 | Orc:4    | Killed Maurice
 30434 | Orc:4    | Found a staircase to the Elven Halls.
 30536 | Orc:4    | Offered knowledge of Bolt of Cold by Vehumet.
 30693 | Orc:4    | Found a roughly hewn altar of Beogh.
 30753 | Orc:4    | Found a roughly hewn altar of Beogh.
 30754 | Orc:4    | Found Pruptul's Food Shoppe.
 30953 | Orc:4    | Noticed Saint Roka
 30990 | Orc:4    | Killed Saint Roka
 30990 | Orc:4    | Reached skill level 14 in Air Magic
 30998 | Orc:4    | Learned a level 6 spell: Bolt of Cold
 31001 | Orc:4    | Found a roughly hewn altar of Beogh.
 31008 | Orc:4    | Found Psaose's Antique Weapon Shoppe.
 31014 | Orc:4    | Found Hoycis' Antique Armour Emporium.
 31239 | Orc:4    | Found a roughly hewn altar of Beogh.
 31239 | Orc:4    | Found Apheym's Armour Emporium.
 31618 | Lair:2   | Lost mutation: You have a pair of small horns on your head. [potion of cure mutation]
 31618 | Lair:2   | Lost mutation: You are agile. (Dex +2) [potion of cure mutation]
 31618 | Lair:2   | Lost mutation: You are weak. (Str -2) [potion of cure mutation]
 31618 | Lair:2   | Lost mutation: Your spells are a little harder to cast, but a little more powerful. [potion of cure mutation]
 31729 | Snake:1  | Entered Level 1 of the Snake Pit
 31981 | Snake:1  | Noticed Kirke
 32000 | Snake:1  | Killed Kirke
 32039 | Snake:1  | Reached XP level 15. HP: 47/90 MP: 8/31
 32134 | Snake:1  | Offered knowledge of Freezing Cloud by Vehumet.
 33250 | Snake:2  | Found a burning altar of Makhleb.
 33374 | Snake:2  | Noticed Frances
 33739 | Snake:2  | Reached skill level 10 in Spellcasting
 34270 | Snake:2  | Noticed Wiglaf
 34700 | Snake:2  | Killed Frances
 35195 | Snake:1  | Learned a level 6 spell: Freezing Cloud
 36668 | Snake:3  | Offered knowledge of Ice Storm by Vehumet.
 36668 | Snake:3  | Offered knowledge of Chain Lightning by Vehumet.
 36668 | Snake:3  | Offered knowledge of Tornado by Vehumet.
 36668 | Snake:3  | Reached skill level 15 in Air Magic
 36872 | Snake:4  | Noticed Mara
 36879 | Snake:5  | Entered Level 5 of the Snake Pit
 37002 | Snake:5  | Slain by an anaconda

Action                   |  1- 3 |  4- 6 |  7- 9 | 10-12 | 13-15 || total
-------------------------+-------+-------+-------+-------+-------++-------
Melee: Unarmed           |    22 |       |       |       |       ||    22
       Dagger            |    73 |   203 |   206 |    65 |       ||   547
       Trident           |       |       |     5 |    16 |       ||    21
       Whip              |       |       |       |    83 |    67 ||   150
       Flail             |       |       |       |    24 |       ||    24
       Staff             |       |       |       |       |    28 ||    28
 Cast: Magic Dart        |    16 |     1 |    61 |    84 |   604 ||   766
       Searing Ray       |     4 |    23 |    54 |    62 |   215 ||   358
       Iskenderun's Batt |       |       |    34 |    45 |   136 ||   215
       Iskenderun's Myst |       |       |    13 |   153 |   159 ||   325
       Throw Frost       |       |       |       |    37 |     2 ||    39
       Airstrike         |       |       |       |    15 |   142 ||   157
       Bolt of Cold      |       |       |       |       |    40 ||    40
       Freezing Cloud    |       |       |       |       |     9 ||     9
 Abil: Bottle Blood      |       |     4 |    10 |    35 |     1 ||    50
       Blink             |       |     1 |       |       |     3 ||     4
       Evoke Invisibilit |       |       |       |     1 |       ||     1
Evoke: Wand              |       |       |     5 |     2 |     2 ||     9
  Use: Potion            |       |     5 |    11 |    62 |    42 ||   120
       Scroll            |       |     5 |    17 |    11 |    16 ||    49
 Stab: Sleeping          |     1 |    10 |     6 |     3 |       ||    20
